Map: Newkirk Precinct TE (Void)

Players

chankim

  • Race: Zerg Zerg
  • Spawn Location: 5:00

A.I. 1 (Very Easy) - Winner!

  • Race: Terran Terran
  • Spawn Location: 7:00

VOD

Have the link to the VOD?

Description

Time

  • Played on: April 7, 2017, 2:42 a.m.
  • Length: 9:04
Show
View Real Time Build Order
Export as new Build Order

chankim Zerg 

Build Orders: Hatch First, Muta Ling Bane 

Get SALT Encoding   

  12  0:00  Drone  
  13  0:13  Overlord  
  13  0:17  Drone  
  14  0:31  Drone  
  14  0:32  Drone  
  14  0:35  Drone  
  17  0:52  Hatchery  
  17  0:55  Drone  
  17  0:58  Drone  
  18  1:09  Extractor  
  17  1:13  Spawning Pool  
  17  1:17  Drone  
  17  1:20  Drone  
  18  1:28  Drone  
  19  1:40  Overlord  
  19  1:50  Drone  
  20  2:01  Drone, Queen  
  21  2:03  Queen  
  21  2:04  Drone  
  26  2:10  Metabolic Boost  
  26  2:12  Drone  
  27  2:16  Drone  
  27  2:22  Drone  
  29  2:26  Drone  
  30  2:32  Drone  
  31  2:37  Hatchery  
  31  2:43  Drone  
  31  2:47  Overlord  
  31  2:50  Drone  
  32  2:54  Queen  
  32  2:55  Drone  
  32  2:58  Drone  
  36  3:06  Drone  
  36  3:10  Drone x2  
  36  3:11  Drone  
  40  3:14  Overlord  
  40  3:15  Drone x2  
  40  3:16  Drone  
  43  3:21  Drone  
  44  3:31  Queen  
  44  3:33  Zergling x4  
  48  3:35  Zergling x2  
  48  3:39  Overlord  
  49  3:43  Drone  
  49  3:44  Drone x2  
  52  3:52  Drone x2  
  54  3:56  Drone x2  
  54  3:57  Evolution Chamber  
  54  3:58  Evolution Chamber  
  54  4:00  Drone  
  55  4:04  Drone x2  
  55  4:05  Overlord  
  55  4:06  Drone  
  55  4:09  Drone, Extractor  
  58  4:11  Queen  
  58  4:13  Drone  
  58  4:16  Drone  
  62  4:17  Drone  
  62  4:18  Drone  
  62  4:20  Overlord  
  62  4:21  Drone x2  
  62  4:23  Zerg Ground Armor Level 1  
  66  4:29  Drone, Zerg Melee Weapons Level 1  
  67  4:35  Overlord  
  67  4:40  Drone  
  67  4:41  Drone x7  
  67  4:44  Drone  
  76  4:51  Overlord  
  76  4:52  Hatchery  
  75  4:56  Drone  
  75  4:57  Extractor  
  75  4:58  Extractor  
  75  4:59  Drone x4  
  78  5:00  Extractor  
  78  5:03  Zergling x2  
  78  5:08  Zergling x8, Lair  
  78  5:12  Baneling Nest  
  81  5:20  Zergling x6  
  84  5:27  Drone x3  
  84  5:28  Drone  
  88  5:29  Zergling x6, Hatchery  
  88  5:31  Extractor  
  88  5:34  Overlord  
  88  5:35  Zergling x4  
  91  5:42  Overlord  
  91  5:53  Zergling x14  
  98  5:57  Drone  
  98  5:59  Drone x2  
  98  6:00  Drone, Overlord x2  
  98  6:02  Queen, Drone x2  
  98  6:03  Queen  
  108  6:05  Drone  
  108  6:07  Drone  
  110  6:11  Drone  
  110  6:12  Drone  
  112  6:21  Overlord  
  112  6:22  Zerg Melee Weapons Level 2, Zerg Ground Armor Level 2  
  112  6:23  Centrifical Hooks  
  112  6:28  Spire  
  112  6:30  Drone  
  112  6:40  Overlord  
  112  6:42  Zergling x26  
  125  6:55  Overlord  
  125  6:59  Zergling x2  
  125  7:00  Zergling x20  
  136  7:01  Baneling  
  136  7:03  Pneumatized Carapace  
  136  7:04  Overseer  
  136  7:06  Overlord  
  136  7:18  Zergling x16  
  136  7:20  Overlord  
  144  7:27  Overlord  
  144  7:42  Mutalisk x13  
  170  7:45  Overlord  
  170  7:48  Zergling x12  
  176  7:52  Zergling x2  
  177  7:58  Zergling x2  
  177  7:59  Zergling x24  
  177  8:01  Overlord x2  
  190  8:10  Baneling x12  
  190  8:11  Zergling x10  
  195  8:16  Zergling x2  
  195  8:17  Zergling x4  
  200  8:49  Baneling x7  
  200  8:50  Baneling x11  
  200  8:53  Extractor  
  200  8:54  Extractor  
Show
View Real Time Build Order
Export as new Build Order

A.I. 1 (Very Easy) Terran - Winner!

Build Orders:  

Get SALT Encoding   

  12  0:00  SCV  
  13  0:13  SCV  
  14  0:20  Supply Depot  
  14  0:36  Refinery  
  14  0:46  Barracks  
  14  1:05  Supply Depot  
  14  1:12  Refinery  
  14  1:34  Marine, Orbital Command  
  15  1:53  Barracks Tech Lab  
  15  1:59  SCV  
  16  2:11  SCV  
  17  2:16  Marine  
  18  2:23  SCV  
  19  2:36  SCV  
  20  2:48  SCV  
  21  2:59  Marauder  
  21  3:00  SCV  
  24  4:56  SCV  
  24  6:25  SCV  
  25  6:26  Marine, Supply Depot  
  25  6:28  Factory  
  26  6:35  Command Center  
  26  6:37  SCV  
  26  6:49  SCV  
  26  6:52  Supply Depot  
  27  6:58  Marine  
  24  7:01  SCV  
  24  7:13  SCV  
  25  7:16  Starport  
  25  7:25  SCV  
  26  7:30  Marine  
  26  7:37  SCV  
  27  7:48  SCV  
  28  7:55  Refinery, Starport Tech Lab, SCV  
  28  7:57  Refinery  
  28  8:02  Marine, SCV  
  30  8:10  SCV  
  31  8:13  Raven  
  31  8:17  SCV  
  33  8:24  SCV  
  34  8:31  SCV  
  35  8:34  Marine  
  35  8:38  SCV  
  36  8:45  SCV  
Tags
 
Add a new tag
Caveats
  • Supply blocks, unpowered buildings, or Contaminate may cause inaccurate times.
  • Supply counts are checked every 10 seconds.